 Dungeon Crawl Stone Soup version 0.27-a0-1090-gb115f176c6 (webtiles) character file.

Game seed: 4403726611991928201

463 scammafunk the Shield-Bearer (level 6, -3/57 HPs)
             Began as a Deep Dwarf Fighter on Apr 27, 2021.
             Slain by Sigmund
             ... wielding a +0 scythe
              (4 damage)
             ... on level 3 of the Dungeon.
             The game lasted 00:11:29 (2091 turns).

scammafunk the Shield-Bearer (Deep Dwarf Fighter)   Turns: 2091, Time: 00:11:30

Health: -3/57      AC: 10    Str: 22    XL:     6   Next: 79%
Magic:  6/6        EV:  7    Int:  8    God:
Gold:   124        SH:  0    Dex: 12    Spells: 5/5 levels left

rFire    . . .     SeeInvis .   a - +0 flail
rCold    . . .     Faith    .   c - +0 kite shield
rNeg     . . .     Spirit   .   b - +0 scale mail
rPois    .         Reflect  .   o - +0 helmet
rElec    .         Harm     .   (no cloak)
rCorr    .         Rampage  +   (no gloves)
Will     .....                  l - +1 pair of boots {rampage}
Stlth    ..........             (no amulet)
HPRegen  0.00/turn              (no ring)
MPRegen  0.10/turn              (no ring)

@: confused
A: damage resistance, heal wounds, sense surroundings 1, no regeneration
a: Heal Wounds


You were on level 3 of the Dungeon.
You visited 1 branch of the dungeon, and saw 3 of its levels.

You collected 124 gold pieces.

Inventory:

Hand Weapons
 a - a +0 flail (weapon)
Missiles
 j - 5 javelins (quivered)
Armour
 b - a +0 scale mail (worn)
 c - a +0 kite shield (worn)
 l - a +1 pair of boots of rampaging (worn)
 o - a +0 helmet (worn)
Jewellery
 e - an amulet of magic regeneration
 m - an amulet of regeneration
Scrolls
 f - a scroll of vulnerability {unknown}
Potions
 d - a potion of might
 n - 2 potions of flight


   Skills:
 + Level 4.2 Fighting
 + Level 2.9 Long Blades
 - Level 2.4 Maces & Flails
 + Level 5.0 Armour
 + Level 5.1 Shields


You had 5 spell levels left.
You didn't know any spells.
Your spell library contained the following spells:

 Spells                   Type           Power      Damage    Failure   Level
 Beastly Appendage        Tmut           0%         N/A       98%         1
 Wereblood                Tmut           0%         N/A       99%         2
 Spider Form              Tmut/Pois      0%         N/A       100%        3
 Ice Form                 Ice/Tmut       0%         N/A       100%        4
 Hydra Form               Tmut           0%         N/A       100%        5


Dungeon Overview and Level Annotations

Branches:
Dungeon (3/15)

Altars:

Shops:
D:1 (   D:3 [

Annotations:
D:3 Sigmund


Innate Abilities, Weirdness & Mutations

You are resistant to damage.
You can heal yourself by infusing magical energy.
You passively map a small area around you.
You do not regenerate.


Message History

You see here a rat corpse.
You hear some strange, mumbled words.
Something tries to affect you, but you resist.
Something hits you. Something hits you.
You hear some strange, mumbled words.
Something tries to affect you, but you resist.
Something hits you but does no damage. Something hits you.
A magic dart appears from out of thin air!
The magic dart hits you. Something hits you.
You thump something! Something hits you!
* * * LOW HITPOINT WARNING * * *
You barely miss something.
You hear some strange, mumbled words.
You are confused.
Something hits you.
* * * LOW HITPOINT WARNING * * *
Something hits you but does no damage.
You bump into the rock wall.
Something hits you but does no damage.
You are too confused!
Something hits you but does no damage. Something hits you.
* * * LOW HITPOINT WARNING * * *
You bump into the rock wall.
Something hits you.
* * * LOW HITPOINT WARNING * * *
You bump into the rock wall.
You feel less confused.
You hear some strange, mumbled words.
You are confused.
You bump into the rock wall.
Something hits you!
* * * LOW HITPOINT WARNING * * *
You hear some strange, mumbled words.
A puff of flame appears from out of thin air!
The puff of flame hits you.
You closely miss something. Something hits you but does no damage.
You are too confused!
You bump into the rock wall.
Something hits you.
You die...

####### #####.#.#.#########
*
,....[..†.>........########
*#####.#.#.######..........
#.....{.# #..######## *
##.#.#@######>.#####
#.......##.........#
##.#.#.###.))..###.#
#.#.......)...# #.###
#...#####.....###...#
###.*#.......(....#.# *#.
#.#####..###.#8# , *
#..*#.# #..# #.#.# #.# #.#
#).# #.#<#


There were no monsters in sight!

Vanquished Creatures
  Grinder (D:3)
  An orc priest (D:3)
  Jessica (D:2)
  Terence (D:3)
  An iguana (D:3)
  Robin (D:2)
  3 gnolls (D:3)
  6 adders
  A dart slug (D:1)
  2 orcs (D:3)
  7 ball pythons
  6 endoplasms
  2 giant cockroaches
  7 goblins
  4 hobgoblins
  3 quokkas
  5 bats
  5 frilled lizards (D:1)
  6 kobolds
  4 rats
67 creatures vanquished.

Notes
Turn   | Place    | Note
-------+----------+-------------------------------------------
     0 | D:1      | scammafunk the Deep Dwarf Fighter began the quest for the
                  | Orb.
     0 | D:1      | Reached XP level 1. HP: 20/20 MP: 1/1
   147 | D:1      | Reached XP level 2. HP: 22/27 MP: 2/2
   230 | D:1      | Found Idinuchu's Antique Weapon Shoppe.
   578 | D:1      | Reached XP level 3. HP: 21/34 MP: 3/3
   846 | D:2      | Noticed Jessica
   856 | D:2      | Killed Jessica
   893 | D:2      | Reached skill level 1 in Long Blades
   893 | D:2      | Reached XP level 4. HP: 14/42 MP: 4/4
  1129 | D:2      | Noticed Robin
  1148 | D:2      | Killed Robin
  1722 | D:3      | Found a faded altar of an unknown god.
  1722 | D:3      | Noticed Terence
  1725 | D:3      | Noticed Grinder
  1732 | D:3      | Killed Terence
  1732 | D:3      | Paralysed by Grinder for 3 turns
  1755 | D:2      | Reached XP level 5. HP: 22/49 MP: 5/5
  1792 | D:3      | Paralysed by Grinder for 7 turns
  1796 | D:3      | HP: 2/49 [Grinder/nerve-wracking pain (7)]
  1801 | D:3      | Paralysed by Grinder for 6 turns
  1812 | D:3      | Killed Grinder
  1813 | D:3      | Reached XP level 6. HP: 17/57 MP: 6/6
  1943 | D:3      | Found Ebbokh's Armour Emporium.
  1985 | D:3      | Reached skill level 5 in Shields
  1997 | D:3      | Reached skill level 5 in Armour
  2063 | D:3      | Noticed Sigmund
  2088 | D:3      | HP: 1/57 [something (8)]
  2091 | D:3      | Slain by Sigmund

Illustrated notes

Levels and vault maps discovered:
D:1:      tarquinn_simple_flora_water_c, layout_basic, serial_shops, shop,
          minmay_misc_feat_alley, minmay_vboxes
D:2:      layout_basic, grunt_ministairs_8, uniq_jessica, uniq_robin
D:3:      layout_loops_ring, ashenzari_altar_1, basic_ecumenical_altar,
          serial_shops, shop_statue, serial_park_tiny_1, st_stairs_8,
          uniq_grinder, uniq_sigmund, uniq_terence

Skill      XL: |  1  2  3  4  5  6 |
---------------+-------------------+-----
Fighting       | 3 4 |  4.2
Long Blades    | 1 2 |  2.9
Shields        | 4 5 |  5.1
Armour         | 4 5 |  5.0
Maces & Flails | |  2.4

Action                   |  1- 3 |  4- 6 || total
-------------------------+-------+-------++-------
Melee: Flail             |   100 |   153 ||   253
 Abil: Heal Wounds       |       |     6 ||     6
  Use: Scroll            |       |     4 ||     4
       Potion            |       |     2 ||     2
Armor: Scale mail        |    51 |   123 ||   174
Dodge: Dodged            |    25 |    69 ||    94
Block: Kite shield       |    62 |   110 ||   172

Table legend: (Time is in decaauts)
 A = Elapsed time spent in this place.
 B = Non-inter-level travel time spent in this place.
 C = Inter-level travel time spent in this place.
 D = Time resting spent in this place.
 E = Time spent auto-exploring this place.
 F = Levels seen in this place.
 G = Mean time per level.
                   A        B        C        D        E       F      G
               +--------+--------+--------+--------+--------+-----+--------+
         Total |   2219 |   2087 |    132 |      0 |   1373 |   3 |  739.7 |
       Dungeon |   2219 |   2087 |    132 |      0 |   1373 |   3 |  739.7 |
               +--------+--------+--------+--------+--------+-----+--------+

Top non-repeatable levels by time:
     D:2: 1028 daAuts
     D:1: 804 daAuts
     D:3: 387 daAuts
